Map: Ловец снов РВ

Players

motokocur

  • Race: Terran Terran
  • League: Gold
  • Spawn Location: 11:00

Tetrodotoxin - Winner!

  • Race: Zerg Zerg
  • League: Silver
  • Spawn Location: 5:00

VOD

Have the link to the VOD?

Description

Time

  • Played on: Nov. 17, 2018, 1:30 a.m.
  • Length: 24:34
Show
View Real Time Build Order
Export as new Build Order

motokocur Terran 

Build Orders: 1/1/1, Cyclone Opening 

Get SALT Encoding   

  12  0:03  SCV  
  13  0:15  Supply Depot  
  13  0:18  SCV  
  14  0:38  Refinery  
  14  0:42  Barracks  
  14  0:45  SCV  
  15  0:50  Refinery  
  16  0:57  SCV  
  16  1:09  SCV  
  17  1:21  SCV  
  18  1:31  Supply Depot  
  18  1:35  Factory  
  18  1:37  Marine  
  19  1:43  SCV  
  20  1:55  SCV  
  20  1:58  Marine  
  22  2:07  SCV  
  23  2:22  Starport, Cyclone  
  26  2:28  SCV  
  27  2:44  SCV  
  28  2:56  SCV  
  29  3:02  Fusion Core  
  29  3:03  Starport Tech Lab  
  29  3:10  Orbital Command  
  29  3:50  Battlecruiser  
  35  3:56  Supply Depot  
  35  3:57  SCV  
  35  3:59  Cyclone  
  39  4:20  Command Center  
  39  4:33  Armory  
  39  4:34  Factory Tech Lab  
  39  5:00  Siege Tank  
  41  5:20  Starport  
  41  5:21  Terran Ship Weapons Level 1  
  41  6:16  Battlecruiser  
  47  7:14  Command Center  
  47  7:22  Refinery  
  47  7:24  Refinery  
  47  7:26  SCV  
  48  7:36  Engineering Bay  
  48  7:38  SCV  
  48  7:41  Supply Depot  
  49  7:46  Battlecruiser  
  55  8:03  SCV  
  55  8:04  Supply Depot  
  56  8:15  SCV  
  57  8:25  Missile Turret  
  57  8:27  Hi-Sec Auto Tracking, SCV  
  57  8:28  Missile Turret  
  58  8:49  Siege Tank  
  58  8:51  Planetary Fortress  
  61  8:58  SCV  
  62  9:10  SCV  
  62  9:14  Starport Tech Lab  
  63  9:20  Terran Ship Weapons Level 2  
  63  9:21  Siege Tank  
  63  9:22  SCV  
  63  9:23  Missile Turret  
  67  9:34  SCV  
  68  9:46  SCV  
  69  9:53  Missile Turret  
  69  9:58  SCV  
  70  10:10  SCV  
  71  10:15  SCV  
  71  10:19  Missile Turret  
  72  10:22  SCV  
  72  10:27  Battlecruiser, SCV  
  72  10:28  Battlecruiser  
  86  10:35  Supply Depot  
  86  10:47  Missile Turret  
  86  10:49  Sensor Tower  
  86  10:56  SCV  
  87  11:00  Supply Depot  
  87  11:08  SCV  
  87  11:10  Missile Turret  
  88  11:23  Supply Depot  
  88  11:31  Missile Turret  
  88  11:36  Terran Vehicle And Ship Armor Level 1  
  94  11:47  Battlecruiser x2  
  94  11:52  Starport  
  100  11:59  Supply Depot  
  94  12:24  Supply Depot  
  94  12:29  Starport Reactor  
  94  12:40  Starport  
  94  12:44  Missile Turret  
  94  12:57  Viking x2  
  98  13:04  Missile Turret  
  98  13:20  Viking  
  98  13:21  Viking  
  102  13:27  Viking x2  
  106  13:37  Terran Vehicle And Ship Armor Level 2  
  106  13:43  Starport Reactor  
  106  13:50  Viking  
  106  13:51  Viking  
  106  13:55  Bunker  
  110  13:57  Viking x2  
  110  14:01  Missile Turret  
  114  14:22  Missile Turret  
  114  14:23  Supply Depot  
  114  14:25  Supply Depot  
  114  14:27  Viking x2  
  114  14:30  Viking  
  114  14:31  Viking  
  122  14:49  Supply Depot  
  122  14:50  Viking  
  122  14:51  Viking  
  126  14:57  Viking x2  
  130  15:00  Viking  
  130  15:01  Viking  
  134  15:24  Viking  
  134  15:25  Viking  
  134  15:27  Viking x2  
  142  15:38  Viking x2  
  146  16:33  Viking x2  
  150  17:17  Missile Turret  
  150  17:25  Viking x2  
  150  17:26  Supply Depot  
  150  17:29  Supply Depot  
  154  17:32  Supply Depot, Viking x2  
  158  18:02  Viking x2  
  162  18:18  Orbital Command  
  162  18:29  Missile Turret  
  162  18:38  Raven  
  164  18:42  Viking x2  
  168  18:51  Missile Turret, Refinery  
  168  18:55  Command Center  
  168  18:57  Supply Depot  
  168  19:02  Supply Depot  
  168  19:07  Refinery  
  168  19:10  Missile Turret  
  168  19:44  Missile Turret  
  168  19:54  Viking x4  
  168  19:55  Viking  
  178  20:05  Missile Turret  
  178  20:24  Viking x3  
  184  20:43  Siege Tank  
  187  20:50  Terran Ship Weapons Level 3  
  187  21:15  Siege Tank  
  90  22:38  Siege Tank  
  77  23:10  Siege Tank  
  78  23:24  Viking x3  
  78  23:25  Viking  
  82  23:42  Siege Tank  
  76  23:54  Viking x3  
Show
View Real Time Build Order
Export as new Build Order

Tetrodotoxin Zerg - Winner!

Build Orders: Pool First 

Get SALT Encoding   

  12  0:03  Drone  
  13  0:12  Overlord  
  13  0:17  Drone  
  14  0:30  Drone  
  14  0:31  Drone  
  16  0:36  Drone  
  16  0:39  Extractor  
  16  0:51  Spawning Pool, Drone  
  17  0:57  Drone  
  17  1:19  Hatchery  
  17  1:25  Drone  
  17  1:26  Drone  
  18  1:39  Queen  
  20  1:43  Zergling x2  
  20  1:46  Zergling x2  
  22  2:01  Overlord  
  22  2:27  Queen  
  24  2:32  Drone  
  24  2:34  Drone  
  26  2:37  Queen  
  26  2:39  Roach Warren  
  27  2:53  Drone x2  
  27  2:54  Drone x4  
  33  3:11  Lair, Extractor  
  32  3:17  Pneumatized Carapace  
  31  3:41  Metabolic Boost  
  31  3:49  Drone x3  
  34  4:10  Overseer  
  34  4:12  Overseer  
  34  4:20  Hydralisk Den  
  34  4:21  Spore Crawler  
  32  4:24  Spore Crawler  
  32  4:26  Queen  
  32  4:27  Queen, Spore Crawler  
  34  4:31  Spore Crawler  
  34  4:33  Spore Crawler  
  34  4:34  Drone x4  
  34  4:36  Spore Crawler  
  35  4:39  Extractor  
  35  4:40  Drone x2  
  35  4:41  Overlord, Extractor  
  35  5:10  Hydralisk  
  35  5:11  Hydralisk x3  
  43  5:24  Drone  
  43  5:26  Overlord x2  
  44  5:34  Spore Crawler  
  44  5:35  Drone  
  44  5:45  Drone x3  
  44  5:46  Drone x2  
  49  5:56  Spore Crawler  
  48  6:24  Spore Crawler  
  47  6:30  Spore Crawler  
  45  6:51  Hydralisk x3  
  45  6:54  Overlord x4  
  51  6:58  Drone  
  52  7:01  Overlord x2  
  52  7:02  Overlord x2  
  52  7:08  Overseer  
  52  7:12  Overseer  
  52  7:35  Spire  
  52  7:36  Drone  
  52  7:37  Drone x2  
  54  7:40  Drone x4  
  54  7:41  Drone x2  
  60  8:25  Drone x4  
  64  8:27  Drone x2  
  64  8:28  Drone x2  
  64  8:29  Overlord x3  
  68  8:43  Hatchery  
  67  9:25  Drone x3  
  67  9:26  Drone x4  
  74  10:02  Drone x3  
  74  10:03  Drone x2  
  79  10:19  Corruptor  
  79  10:20  Corruptor x6  
  79  10:21  Corruptor x4  
  101  10:30  Extractor  
  101  10:32  Overseer x2  
  101  10:33  Extractor  
  99  10:51  Hydralisk x3  
  99  10:52  Roach x4, Hydralisk x2  
  117  11:33  Roach x2, Hydralisk x3  
  117  11:34  Roach  
  117  11:36  Overlord x3  
  129  12:14  Corruptor x6  
  129  12:15  Corruptor  
  143  12:32  Lurker Den  
  143  12:36  Evolution Chamber  
  141  12:38  Zerg Flyer Weapons Level 1  
  141  12:39  Evolution Chamber  
  140  12:49  Infestation Pit  
  139  12:54  Grooved Spines  
  139  13:09  Hydralisk  
  139  13:10  Hydralisk x3  
  145  13:13  Overlord x2  
  145  13:14  Overlord x2  
  145  13:16  Overseer  
  145  13:17  Overseer  
  145  13:40  Hive  
  145  13:50  Zerg Missile Weapons Level 1, Zerg Ground Armor Level 1  
  145  14:36  Glial Reconstitution  
  145  14:52  Ultralisk Cavern  
  144  15:02  Hatchery  
  143  15:52  Ultralisk x5  
  143  15:54  Chitinous Plating  
  143  15:55  Overlord x3  
  143  15:56  Overlord  
  173  16:03  Viper  
  176  16:08  Overlord x4  
  176  16:12  Zerg Melee Weapons Level 1  
  176  16:16  Drone x3, Evolution Chamber  
  178  16:45  Extractor  
  178  16:46  Extractor  
  176  16:49  Viper x4  
  176  16:50  Viper  
  191  17:00  Zerg Missile Weapons Level 2  
  191  17:02  Zerg Ground Armor Level 2  
  191  18:01  Greater Spire  
  191  18:04  Spore Crawler  
  190  18:06  Spore Crawler  
  190  18:09  Spore Crawler  
  188  18:13  Spore Crawler  
  187  18:34  Spore Crawler  
  186  18:38  Spore Crawler  
  185  18:44  Spore Crawler  
  184  19:22  Brood Lord x3  
  184  19:23  Brood Lord x5  
  200  19:36  Zerg Melee Weapons Level 2  
  200  19:38  Zerg Missile Weapons Level 3  
  200  19:42  Zerg Ground Armor Level 3  
  200  20:29  Zerg Flyer Armor Level 1  
  174  21:33  Unknown  
  174  21:34  Unknown x2  
  174  21:35  Unknown x2  
  142  21:43  Hydralisk x5  
  142  21:44  Hydralisk x22  
  138  22:00  Corruptor  
  138  22:01  Corruptor x4  
  118  22:44  Corruptor x3  
  118  23:12  Hydralisk  
  118  23:13  Hydralisk x2  
  122  23:34  Roach  
  122  23:35  Roach x4  
  107  23:54  Hydralisk  
  107  23:55  Corruptor  
  107  23:56  Corruptor  
  107  24:28  Hatchery  
Tags
 
Add a new tag
Caveats
  • Supply blocks, unpowered buildings, or Contaminate may cause inaccurate times.
  • Supply counts are checked every 10 seconds.